 Dungeon Crawl Stone Soup version 0.30.0-11-gf55b779eaf (webtiles) character file.

Game seed: 6807900726765013240

110 hawla the Firebug (level 4, 0/36 HPs)
             Began as a Deep Elf Fire Elementalist on May 16, 2023.
             Succumbed to an orc wizard's poison
             ... on level 3 of the Dungeon.
             The game lasted 00:07:02 (2215 turns).

hawla the Firebug (Deep Elf Fire Elementalist)      Turns: 2215, Time: 00:07:03

Health: 0/36       AC:  3    Str:  5    XL:     4   Next: 61%
Magic:  1/12       EV: 13    Int: 22    God:
Gold:   127        SH:  0    Dex: 15    Spells: 8/11 levels left

rFire   . . .        k - +2 short sword
rCold   . . .        (no shield)
rNeg    + . .        a - +0 robe
rPois   .            h - +0 helmet
rElec   .            (no cloak)
rCorr   .            (no gloves)
SInv    .            (no boots)
Will    .....        i - amulet of regeneration Stlth
                     d - ring of wizardry
HPRegen 1.06/turn    e - ring of positive energy
MPRegen 0.13/turn

%: wizardry (x1)
@: berserking, lethally poisoned (0 -> -14), very quick
A: no striking features
a: no special abilities


You were on level 3 of the Dungeon.
You visited 1 branch of the dungeon, and saw 3 of its levels.

You collected 127 gold pieces.

Inventory:

Hand Weapons
 k - a +2 short sword (weapon)
Armour
 a - a +0 robe (worn)
 h - a +0 helmet (worn)
Jewellery
 d - a ring of wizardry (left hand)
 e - a ring of positive energy (right hand)
 i - an amulet of regeneration (around neck)
Scrolls
 l - 2 scrolls of torment
 m - 2 scrolls of teleportation {unknown}
 n - 2 scrolls of magic mapping {unknown}
 p - a scroll of enchant armour {unknown}
 r - a scroll of butterflies {unknown}
Potions
 b - a potion of magic
 c - a potion of haste
 f - 2 potions of brilliance
 g - a potion of lignification
 j - a potion of berserk rage
 q - a potion of cancellation


   Skills:
 + Level 0.2 Fighting
 + Level 1.4 Short Blades
 + Level 3.0 Dodging
 + Level 2.9 Stealth
 + Level 4.1 Spellcasting
 + Level 1.7 Conjurations
 + Level 4.2 Fire Magic


You had 8 spell levels left.
You knew the following spells:

 Your Spells              Type           Power      Damage    Failure   Level
a - Foxfire               Conj/Fire      68%        2x1d7     1%          1
b - Scorch                Fire           46%        2d7       1%          2

Your spell library contained the following spells:

 Spells                   Type           Power      Damage    Failure   Level
 Apportation              Tloc           8%         N/A       4%          1
 Necrotise                Necr           16%        1d4       4%          1
 Summon Small Mammal      Summ           16%        N/A       4%          1
 Inner Flame              Hex/Fire       13%        N/A       6%          3
 Volatile Blastmotes      Fire/Tloc      26%        2d12      6%          3
 Flame Wave               Conj/Fire      17%        2d7       13%         4


Dungeon Overview and Level Annotations

Branches:
Dungeon (3/15)

Altars:

Shops:
D:1 (


Message History

Unknown command.
The foxfire hits the ball python.
The ball python is moderately wounded.
Casting: Scorch (safe; 1% risk of failure)
Confirm with . or Enter, or press ? or * to list all spells.
You conjure some foxfire!
An orc wizard comes into view. It is wielding a +2 dagger of venom.
The foxfire hits the ball python!
You kill the ball python!
The orc wizard mumbles some strange words.
The orc wizard flickers and vanishes!
Deactivating autopickup; reactivate with Ctrl-A.
Items here: ! $ ( )))) [[[ †.
The foxfire hits something but does no damage.
Something hits you.
You are poisoned.
Items here: $ ) = ? [ †.
You closely miss something.
You feel sick.
You hear some strange, mumbled words.
A puff of flame appears from out of thin air!
The puff of flame hits you!
You miss something.
You feel sick. Something hits you.
You miss something.
You feel sick. Something barely misses you.
A red film seems to cover your vision as you go berserk!
You feel yourself moving faster!
You feel mighty!
You feel sick. Something hits you.
You are more poisoned.
You closely miss something.
You feel sick. Something hits you.
* * * LOW HITPOINT WARNING * * *
You are lethally poisoned!
You closely miss something.
* * * LOW HITPOINT WARNING * * *
You feel very sick.
You puncture something!
* * * LOW HITPOINT WARNING * * *
You feel sick. Something hits you.
* * * LOW HITPOINT WARNING * * *
You are more poisoned.
You hit something but do no damage.
You die...

#.# #..#.## #.# #..#.#
#.# #).#.## ## #.#
##...... .. #.# #.....#.
#.##.#########.#.###.
#...##..........# #.
#.#)##.....##.### #.
#..@##.###.##.## #.
#....{.......†..# #.
#...#...##.#.#.##..####.
........##.....##..##...
######..####.####..##.##
#..# #.......##.## #...
............. ##.#
##.###..###.## . .....#
#.#


There were no monsters in sight!

Vanquished Creatures
  An orc wizard (D:3)
  2 adders
  A worm (D:2)
  3 orcs (D:3)
  7 bats
  7 endoplasms
  2 giant cockroaches
  4 goblins
  4 hobgoblins
  4 jackals (D:3)
  4 quokkas
  8 ball pythons
  2 frilled lizards (D:1)
  6 kobolds
  5 rats
60 creatures vanquished.

Vanquished Creatures (others)
  70 foxfires
70 creatures vanquished.

Grand Total: 130 creatures vanquished

Notes
Turn   | Place    | Note
-------+----------+-------------------------------------------
     0 | D:1      | hawla the Deep Elf Fire Elementalist began the quest for
                  | the Orb.
     0 | D:1      | Reached XP level 1. HP: 10/10 MP: 6/6
   227 | D:1      | Reached XP level 2. HP: 12/15 MP: 5/8
   230 | D:1      | Learned a level 2 spell: Scorch
   597 | D:1      | Found Eluudul's Weapon Shop.
   842 | D:1      | Reached XP level 3. HP: 16/19 MP: 10/10
  2002 | D:3      | Reached XP level 4. HP: 24/24 MP: 11/11
  2200 | D:3      | Reached skill level 1 in Short Blades
  2215 | D:3      | Succumbed to an orc wizard's poison

Illustrated notes

Levels and vault maps discovered:
D:1:      wander_arrival_fairy_ring, layout_loops_ring, serial_shops,
          nicolae_shop_bloodbath_and_beyond
D:2:      layout_loops_ring, st_stairs_11
D:3:      layout_loops_ring, kennysheep_generic_room_4

Skill      XL: |  1  2  3  4 |
---------------+-------------+-----
Fire Magic     | 4 |  4.2
Spellcasting   | 4 |  4.1
Short Blades   | 1 |  1.4
Dodging        | 3 |  3.0
Fighting       | |  0.2
Stealth        | |  2.9
Conjurations   | |  1.7

Action                     |  1- 3 |  4- 6 || total
---------------------------+-------+-------++-------
  Melee: Unarmed           |     8 |       ||     8
         Short sword       |    47 |    34 ||    81
         Punch             |     1 |     1 ||     2
   Cast: Foxfire           |    39 |     5 ||    44
         Scorch            |     7 |     4 ||    11
    Use: Potion            |     1 |     1 ||     2
         Scroll            |     9 |       ||     9
   Stab: Sleeping          |     2 |       ||     2
 Armour: Robe              |    18 |     9 ||    27
  Dodge: Dodged            |    51 |    23 ||    74
